 Dungeon Crawl Stone Soup version 0.24.0-41-g2ae2f7f1be (webtiles) character file.

Game seed: 13559566310194757122, levelgen mode: deterministic

99102 DavidChitty2 the Eclecticist (level 15, -5/83 HPs)
             Began as a Deep Elf Conjurer on Dec 9, 2019.
             Was a High Priest of Vehumet.
             Slain by Aizul (46 damage)
             ... on level 1 of the Spider Nest.
             The game lasted 01:25:31 (42077 turns).

DavidChitty2 the Eclecticist (Deep Elf Conjurer)   Turns: 42077, Time: 01:25:32

Health: -5/83      AC: 12    Str: 12    XL:     15   Next: 76%
Magic:  17/53      EV: 27    Int: 28    God:    Vehumet [*****.]
Gold:   136        SH:  0    Dex: 21    Spells: 15/49 levels left

rFire    + + +     SeeInvis .   a - staff of power {!a}
rCold    + + .     Gourm    .   I - +0 buckler
rNeg     . . .     Faith    .   r - +0 robe of Okawaru's Indignation {+Inv rPois}
rPois    +         Spirit   .   A - +2 helmet of the King of the Hill {rElec Dex+3}
rElec    +         Reflect  .   F - +0 cloak of Fun {rF++} (curse)
rCorr    .         Harm     .   L - +1 pair of gloves {Dex+3}
MR       +....                  W - +2 pair of boots of Wishra {rF+ rC++}
Stlth    ++........             (no amulet)
HPRegen  0.23/turn              K - +3 ring of intelligence
MPRegen  0.33/turn              O - ring "Abli" {rElec rF+ Str+5}

@: lethally poisoned (-5 -> -8), sleeping
A: frail 1
a: Renounce Religion, Evoke Invisibility


You were on level 1 of the Spider Nest.
You worshipped Vehumet.
Vehumet was extremely pleased with you.
You were not hungry.

You visited 4 branches of the dungeon, and saw 24 of its levels.
You also visited: Gauntlet.

You collected 2575 gold pieces.
You spent 2439 gold pieces at shops.

Inventory:

Hand Weapons
 b - the +2 dagger of an ice cave {pierce, rPois Str+2 Int-2}
   (You found it on level 8 of the Dungeon)

   It inflicts extra damage upon your enemies.
   It affects your strength (+2).
   It affects your intelligence (-2).
   It protects you from poison.
 M - the +6 Majin-Bo {vamp, Archmagi MP+6 Int+6}
   (You found it on level 11 of the Dungeon)

   It inflicts no extra harm, but heals its wielder when it wounds a living foe.
   It affects your intelligence (+6).
   It affects your magic capacity (+6).
 S - a +8 giant club
   (You found it in a Gauntlet)
Missiles
 E - 2 throwing nets (quivered) {!f}
Armour
 i - the +2 leather armour of Qoew {MR+ rCorr MP-9 Int+5}
   (You bought it in a shop on level 2 of the Orcish Mines)

   It affects your intelligence (+5).
   It affects your resistance to hostile enchantments.
   It affects your magic capacity (-9).
   It provides partial protection from all sources of acid and corrosion.
 r - the +0 robe of Okawaru's Indignation (worn) {+Inv rPois}
   (You found it on level 12 of the Dungeon)

   It protects you from poison.
   It lets you turn invisible.
 A - the +2 helmet of the King of the Hill (worn) {rElec Dex+3}
   (You bought it in a shop on level 5 of the Dungeon)

   It affects your dexterity (+3).
   It insulates you from electricity.
 C - +0 acid dragon scales
   (You found it on level 15 of the Dungeon)
 F - the cursed +0 cloak of Fun (worn) {rF++}
   (You found it in a Gauntlet)

   It greatly protects you from fire.
   It has a curse placed upon it.
 I - a +0 buckler (worn)
   (You bought it in a shop on level 5 of the Dungeon)
 L - a +1 pair of gloves of dexterity (worn)
   (You found it in a Gauntlet)
 W - the +2 pair of boots of Wishra (worn) {rF+ rC++}
   (You bought it in a shop on level 2 of the Orcish Mines)

   It protects you from fire.
   It greatly protects you from cold.
Magical Staves
 a - an uncursed staff of power (weapon) {!a}
   (You found it on level 1 of the Lair of Beasts)
Jewellery
 K - a +3 ring of intelligence (left hand)
   (You found it on level 2 of the Lair of Beasts)
 O - the ring "Abli" (right hand) {rElec rF+ Str+5}
   (You bought it in a shop on level 5 of the Dungeon)

   [ring of protection from fire]

   It affects your strength (+5).
   It protects you from fire.
   It insulates you from electricity.
Wands
 c - a wand of disintegration (31)
   (You found it on level 5 of the Lair of Beasts)
 d - a wand of iceblast (6)
   (You found it on level 4 of the Lair of Beasts)
 k - a wand of polymorph (12)
   (You found it on level 7 of the Dungeon)
 m - a wand of enslavement (11)
   (You found it on level 10 of the Dungeon)
 t - a wand of flame (127)
   (You found it on level 8 of the Dungeon)
 u - a wand of paralysis (31)
   (You found it on level 2 of the Lair of Beasts)
 v - a wand of digging (6)
   (You found it in a Gauntlet)
 x - a wand of acid (19)
   (You found it on level 10 of the Dungeon)
Scrolls
 f - 7 scrolls of fog
 h - 2 scrolls of immolation {!r}
 j - 13 scrolls of teleportation {@r4}
 l - a scroll of blinking
 n - 2 scrolls of amnesia
 p - 6 scrolls of remove curse {@r2}
 J - 4 scrolls of enchant weapon
 P - 4 scrolls of enchant armour
 Q - 2 scrolls of fear
Potions
 g - 10 potions of curing {@q1}
 o - 2 potions of ambrosia
 q - 2 potions of haste {@q3}
 s - 4 potions of heal wounds {@q2}
 z - 2 potions of brilliance {unknown}
 B - 6 potions of might
 G - a potion of agility {unknown}
 H - 3 potions of flight
 N - a potion of invisibility {unknown}
Miscellaneous
 R - a lamp of fire
   (You found it in a Gauntlet)
Comestibles
 e - 24 rations {!d}


   Skills:
 + Level 10.7 Fighting
 - Level 5.0 Armour
 + Level 16.1 Dodging
 - Level 2.4 Stealth
 - Level 4.0 Shields
 + Level 17.5 Spellcasting
 * Level 13.3 Conjurations
 - Level 5.0 Charms
 + Level 0.9 Translocations
 + Level 1.1 Fire Magic
   Level 3.1 Air Magic
 * Level 6.8 Earth Magic
 + Level 3.4 Poison Magic


You had 15 spell levels left.
You knew the following spells:

 Your Spells              Type           Power        Failure   Level  Hunger
a - Magic Dart            Conj           ####         0%          1    None
b - Iskenderun's Battles  Conj/Chrm      ######..     1%          5    None
c - Blink                 Tloc           N/A          1%          2    None
d - Fireball              Conj/Fire      ######....   1%          5    None
i - Iron Shot             Conj/Erth      ######....   1%          6    ##.....
x - Iskenderun's Mystic   Conj           #######.     1%          4    None
y - Olgreb's Toxic Radia  Pois           #####...     1%          4    None
z - Orb of Destruction    Conj           #######...   1%          7    #####..

Your spell library contained the following spells:

 Spells                   Type           Power        Failure   Level  Hunger
 Conjure Ball Lightning   Conj/Air       ######....   2%          6    ##.....
 Searing Ray              Conj           ######       0%          2    None
 Animate Skeleton         Necr           N/A          1%          1    None
 Apportation              Tloc           ####..       1%          1    None
 Confusing Touch          Hex            ###...       1%          1    None
 Corona                   Hex            ###....      1%          1    None
 Freeze                   Ice            ###.         1%          1    None
 Shock                    Conj/Air       ####         1%          1    None
 Sting                    Conj/Pois      ####         1%          1    None
 Summon Small Mammal      Summ           ###.         1%          1    None
 Passwall                 Tmut/Erth      #####...     1%          2    None
 Poisonous Vapours        Pois/Air       #####.       1%          2    None
 Swiftness                Chrm/Air       #####...     1%          2    None
 Throw Frost              Conj/Ice       ######       1%          2    None
 Conjure Flame            Conj/Fire      ######..     1%          3    None
 Dazzling Spray           Conj/Hex       ######       1%          3    None
 Ignite Poison            Fire/Tmut/Pois ####....     1%          3    None
 Mephitic Cloud           Conj/Pois/Air  ######..     1%          3    None
 Ozocubu's Armour         Chrm/Ice       #####...     1%          3    None
 Static Discharge         Conj/Air       ######..     1%          3    None
 Airstrike                Air            #####.....   1%          4    None
 Force Lance              Conj/Tloc      ######..     1%          4    None
 Fulminant Prism          Conj/Hex       ######....   1%          4    None
 Throw Icicle             Conj/Ice       ######..     1%          4    None
 Bolt of Magma            Conj/Fire/Erth ######....   1%          5    None
 Lee's Rapid Deconstruct  Erth           ######....   1%          5    None
 Lightning Bolt           Conj/Air       ######....   1%          5    None
 Venom Bolt               Conj/Pois      ######....   1%          5    None
 Call Imp                 Summ           ###.....     2%          2    None
 Ensorcelled Hibernation  Hex/Ice        ###...       2%          2    None
 Slow                     Hex            ###.....     2%          2    None
 Lesser Beckoning         Tloc           ####......   3%          3    None
 Portal Projectile        Hex/Tloc       ####..       4%          3    None
 Bolt of Fire             Conj/Fire      ######....   4%          6    ##.....
 Confuse                  Hex            ###.....     5%          3    None
 Tukima's Dance           Hex            ###.....     5%          3    None
 Passage of Golubria      Tloc           N/A          13%         4    None
 Summon Ice Beast         Ice/Summ       ###.....     19%         4    None
 Alistair's Intoxication  Tmut/Pois      ####....     26%         5    None
 Spellforged Servitor     Conj/Summ      ######....   26%         7    #####..
 Darkness                 Hex            ###.......   96%         6    ##.....
 Invisibility             Hex            ###.....     96%         6    ##.....
 Ring of Flames           Chrm/Fire      #####.....   99%         7    #####..
 Ignition                 Fire           ####......   100%        8    ######.


Dungeon Overview and Level Annotations

Branches:
Dungeon (15/15)            Temple (0/1) D:5            Lair (6/6) D:9
  Swamp (0/4) Lair:2       Spider (1/4) Lair:4        Slime (0/5) Lair:6
    Orc (2/2) D:9             Elf (0/3) Orc:2        Vaults (0/5) D:14
 Depths (0/5) D:15        Gauntlet (visited)

Altars:
Ashenzari
Elyvilon
Nemelex Xobeh
Okawaru
Ru
Sif Muna
Vehumet
Yredelemnul
Zin
The Shining One
Beogh
Jiyva

Shops:
D:5 (=[   D:6 (   D:7 [   D:8 }   D:9 (   Orc:1 }   Orc:2 [[:*%

Portals:
Pandemonium: Orc:2

Annotations:
D:11 1 runed translucent door, TheNamelessOne's ghost, journeyman VSFi
Spider:1 Aizul


Innate Abilities, Weirdness & Mutations

You are frail. (-10% HP)


Message History

The wolf spider misses you.
Aizul the Neglectful Guardian comes into view.
The wolf spider barely misses you. x2
You conjure a globe of magical energy.
Aizul shouts!
You block the wolf spider's attack. The wolf spider misses you.
You begin to radiate toxic energy.
The wolf spider is poisoned.
The wolf spider looks even sicker.
You kill the wolf spider!
Vehumet accepts your kill.
You feel your power returning. Aizul casts a spell at you.
The poison arrow hits your battlesphere!
Your battlesphere partially resists.
Aim: Aizul The orb of energy misses Aizul.
Your battlesphere fires!
The barrage of energy hits Aizul!
Aim: Aizul (lightly wounded)
The orb of energy hits Aizul!
Your toxic aura wanes.
Your battlesphere fires!
The barrage of energy hits Aizul!
Aizul casts a spell at you. The bolt of poison misses you.
Aim: Aizul (moderately wounded)
The orb of energy hits Aizul!
The orb of energy explodes!
Your battlesphere fires!
The barrage of energy hits Aizul!
Aizul completely misses you. x2
Aim: Aizul (moderately wounded)
The iron shot hits Aizul!!!
Your battlesphere fires!
The barrage of energy hits Aizul!
Aizul coils herself and waves her upper body at you.
The poison arrow hits you!
You are poisoned.
You partially resist.
Aim: Aizul (severely wounded)
The iron shot hits Aizul!!
You feel sick.
Your battlesphere fires!
The barrage of energy hits Aizul!
Aizul coils herself and waves her upper body at you.
You fall asleep.
A tarantella comes into view.
Aizul screams, "I'll haunt your nightmares!"
Aizul completely misses you.
The tarantella moves out of view.
You feel sick. Aizul closely misses you.
You feel sick. Aizul hits you!!!
Ouch! That really hurt!
You die...

################
#......^ ....^..
...... .....
#†.###..#####
#@†.*.......
#S#.†#.#....
#....†# .. #
#...[†#^. #..
#..#.##.#. ..
##..#. .# # #
#†. . .. ...
##.#


You could see Aizul and a friendly battlesphere.

Vanquished Creatures
  Rupert (Lair:5)
  Nessos (Lair:6)
  A minotaur (Gauntlet)
  A quicksilver dragon zombie (D:15)
  Harold (D:9)
  4 vault guards
  7 hydras
  Erolcha (Orc:2)
  A centaur warrior (D:14)
  4 two-headed ogres
  3 death yaks
  A vampire mage (D:15)
  7 orc high priests
  2 sun demons
  4 sixfirhies (Gauntlet)
  2 skeletal warriors (D:15)
  The ghost of p0werm0de the Martial Artist, a novice OpAr (D:5)
  An infernal demonspawn (Orc:2)
  6 orc knights (Orc:2)
  2 gelid demonspawn (Orc:2)
  Pikel (D:5)
  3 orb spiders (Spider:1)
  A wolf spider zombie (D:15)
  2 wolf spiders
  2 manticores
  6 orc sorcerers
  10 ugly things
  A necromancer (D:15)
  An oklob plant (Gauntlet)
  3 deep elf magi
  6 cyclopes
  11 elephants
  A stone giant skeleton (D:15)
  3 centaur zombies
  6 black mambas
  A smoke demon (Orc:2)
  2 gargoyles (D:13)
  A guardian serpent (Lair:6)
  4 centaur skeletons
  12 spiny frogs
  3 demonic crawlers
  An orange demon (Orc:2)
  A rime drake (Lair:4)
  5 komodo dragons
  A hellwing (Orc:2)
  5 jumping spiders (Spider:1)
  9 trolls
  3 polar bears
  5 slime creatures (D:13)
  15 dream sheep
  11 blink frogs
  3 bog bodies (Lair:2)
  4 hornets
  6 hippogriffs
  A fire dragon skeleton (D:15)
  5 redbacks
  43 yaks
  2 vampires
  5 tarantellas (Spider:1)
  A shadow (D:12)
  8 wyverns
  2 wraiths
  An ettin skeleton (D:15)
  A fire elemental (Lair:6)
  8 humans (D:14)
  3 basilisks
  2 chaos spawn (Orc:2)
  3 hungry ghosts
  A swamp worm (Lair:2)
  A warg (Orc:1)
  17 water moccasins
  2 acid dragons
  6 porcupines
  3 slaves
  A swamp drake (Orc:2)
  An ice beast (D:11)
  30 orc warriors
  A black bear (D:12)
  3 phantoms
  2 sky beasts
  12 ogres
  8 wolves
  11 centaurs
  11 crocodiles
  11 bullfrogs
  4 big kobolds
  5 scorpions
  11 killer bees
  4 electric eels
  3 wights (D:8)
  A howler monkey (D:5)
  9 crimson imps
  4 hounds
  A quasit (D:12)
  4 jellies
  A bullfrog skeleton (D:12)
  3 bullfrog zombies
  20 orc priests
  A gnoll shaman (Orc:1)
  An iron imp (Orc:2)
  19 orc wizards
  6 iguanas
  17 worker ants
  A killer bee zombie (D:8)
  A worker ant zombie (D:10)
  5 gnolls (Orc:1)
  15 adders
  2 shadow imps
  A white imp (Orc:2)
  An adder zombie (D:6)
  An adder skeleton (D:4)
  8 worms
  2 dart slugs (D:1)
  3 leopard geckos
  80 orcs
  14 bats
  3 giant cockroaches
  11 hobgoblins
  9 jackals
  18 kobolds
  3 quokkas
  3 ball pythons
  6 frilled lizards
  4 goblins
  A leopard gecko skeleton (D:5)
  A leopard gecko zombie (D:6)
  A quokka zombie (D:6)
  7 rats
  2 butterflies (Lair:2)
  A fungus (Lair:6)
  A plant (Lair:6)
725 creatures vanquished.

Vanquished Creatures (others)
  A slave (D:6)
  14 fungi
  36 plants
  14 withered plants
65 creatures vanquished.

Grand Total: 790 creatures vanquished

Notes
Turn   | Place    | Note
-------+----------+-------------------------------------------
     0 | D:1      | DavidChitty2 the Deep Elf Conjurer began the quest for the
                  | Orb.
     0 | D:1      | Reached XP level 1. HP: 10/10 MP: 6/6
   211 | D:1      | Reached XP level 2. HP: 15/15 MP: 1/8
   278 | D:1      | Learned a level 2 spell: Searing Ray
   660 | D:1      | Reached skill level 5 in Conjurations
   710 | D:1      | Reached XP level 3. HP: 19/19 MP: 8/10
  1104 | D:2      | Found a radiant altar of Vehumet.
  1178 | D:2      | Found a sacrificial altar of Ru.
  1438 | D:2      | Found a faded altar of an unknown god.
  1700 | D:2      | You fall into a shaft and drop 2 floors!
  1701 | D:4      | Noticed an ogre
  1701 | D:4      | Noticed a scorpion
  1712 | D:4      | Killed a scorpion
  1712 | D:4      | Reached skill level 4 in Spellcasting
  1712 | D:4      | Reached XP level 4. HP: 13/24 MP: 7/12
  1762 | D:5      | Entered Level 5 of the Dungeon
  2019 | D:4      | Killed an ogre
  2019 | D:4      | Reached XP level 5. HP: 9/28 MP: 9/14
  2607 | D:3      | Found a glowing golden altar of the Shining One.
  2610 | D:3      | Found a shattered altar of Ashenzari.
  2643 | D:3      | Found a shimmering blue altar of Sif Muna.
  2646 | D:3      | Found an iron altar of Okawaru.
  2648 | D:3      | Found a glowing silver altar of Zin.
  2649 | D:3      | Found a white marble altar of Elyvilon.
  3015 | D:3      | Found a glowing drain.
  3019 | D:3      | Reached XP level 6. HP: 32/32 MP: 8/15
  3422 | D:3      | Reached skill level 5 in Spellcasting
  3428 | D:3      | Learned a level 4 spell: Iskenderun's Mystic Blast
  3816 | D:2      | Became a worshipper of Vehumet
  3964 | D:4      | Found a sparkling altar of Nemelex Xobeh.
  4899 | D:5      | Found Mare's Weapon Emporium.
  5003 | D:5      | Found a staircase to the Ecumenical Temple.
  5071 | D:5      | Found Teutz's Armour Boutique.
  5075 | D:5      | Bought a +0 buckler for 54 gold pieces
  5085 | D:5      | Found Hymaz's Jewellery Boutique.
  5139 | D:5      | Identified the Almanac of Shape Shifting and the Compass
  5147 | D:5      | Reached XP level 7. HP: 36/36 MP: 12/17
  5193 | D:5      | Reached skill level 5 in Dodging
  5336 | D:5      | Found a runed translucent gate.
  5336 | D:5      | Found a runed translucent gate.
  5337 | D:5      | Found a runed translucent gate.
  5337 | D:5      | Noticed p0werm0de's ghost (novice OpAr)
  5337 | D:5      | Identified the +9 whip of Eternal Vigilance {venom, Int+4
                  | Dex+2}
  5376 | D:5      | Reached skill level 1 in Shields
  5495 | D:5      | Reached skill level 6 in Spellcasting
  6221 | D:6      | Noticed Pikel
  6229 | D:5      | Reached * piety under Vehumet
  6229 | D:5      | Offered knowledge of Sandblast by Vehumet.
  6829 | D:5      | Killed Pikel
  6829 | D:5      | Reached XP level 8. HP: 26/41 MP: 0/20
  7081 | D:6      | Reached skill level 7 in Spellcasting
  7816 | D:6      | Found Rebrerriu's Weapon Emporium.
  8285 | D:7      | Found a basalt altar of Yredelemnul.
  8493 | D:7      | Reached XP level 9. HP: 45/45 MP: 12/22
  8580 | D:7      | Offered knowledge of Shock by Vehumet.
  8811 | D:7      | Found Riunul's Antique Armour Shop.
  8817 | D:7      | Bought a fine leather armour for 182 gold pieces
  8827 | D:7      | Identified the +2 leather armour "Ofrite Ywie" {*Slow Str+5
                  | Dex+4} (You bought it in a shop on level 7 of the Dungeon)
  9388 | D:8      | Got a slimy dagger
  9397 | D:8      | Identified the +2 dagger of an ice cave {pierce, rPois
                  | Str+2 Int-2} (You found it on level 8 of the Dungeon)
  9403 | D:8      | Reached ** piety under Vehumet
  9419 | D:8      | Found Ilaokhe's Gadget Emporium.
  9426 | D:8      | Reached skill level 8 in Spellcasting
  9705 | D:8      | Reached skill level 10 in Conjurations
 10158 | D:8      | Reached skill level 9 in Spellcasting
 10365 | D:9      | Found a staircase to the Lair.
 10365 | D:9      | Noticed a death yak
 10368 | D:9      | Noticed a death yak
 10369 | D:9      | Noticed a death yak
 10372 | D:9      | Killed a death yak
 10548 | D:8      | Reached XP level 10. HP: 40/54 MP: 9/25
 10694 | D:8      | Killed a death yak
 10694 | D:8      | Reached skill level 10 in Spellcasting
 11077 | D:8      | Offered knowledge of Mephitic Cloud by Vehumet.
 11145 | D:8      | Learned a level 3 spell: Mephitic Cloud
 11304 | D:9      | Reached skill level 1 in Poison Magic
 11321 | D:9      | Reached skill level 1 in Air Magic
 11581 | D:8      | Reached *** piety under Vehumet
 12176 | D:9      | Noticed Harold
 12339 | D:8      | Reached skill level 10 in Dodging
 12425 | D:9      | Killed a death yak
 12425 | D:9      | Reached skill level 11 in Spellcasting
 12725 | D:9      | Offered knowledge of Static Discharge by Vehumet.
 12828 | D:9      | Noticed a two-headed ogre
 12846 | D:9      | Killed a two-headed ogre
 12846 | D:9      | Reached XP level 11. HP: 17/62 MP: 6/28
 13228 | D:9      | Killed Harold
 13450 | D:9      | Found a staircase to the Orcish Mines.
 13450 | D:9      | Found Gogrevvafo's Antique Weapon Shoppe.
 13510 | D:9      | Found an iron altar of Okawaru.
 13699 | D:10     | Entered Level 10 of the Dungeon
 13827 | D:10     | Reached skill level 5 in Fighting
 14180 | D:10     | Reached skill level 12 in Spellcasting
 14777 | D:10     | Got a pair of heavily runed gloves
 14799 | D:10     | Identified the +0 pair of gloves of the Morning Star
                  | {+Blink rElec Int+2} (You found it on level 10 of the
                  | Dungeon)
 15383 | Lair:1   | Entered Level 1 of the Lair of Beasts
 15580 | Lair:1   | Reached **** piety under Vehumet
 15694 | Lair:1   | Reached skill level 1 in Armour
 16235 | D:5      | Bought the +2 helmet of the King of the Hill {rElec Dex+3}
                  | for 417 gold pieces
 16328 | D:5      | Offered knowledge of Inner Flame by Vehumet.
 16331 | D:5      | Killed p0werm0de's ghost
 17263 | Lair:2   | Noticed an eight-headed hydra
 17267 | Lair:2   | Killed an eight-headed hydra
 17275 | Lair:2   | Reached skill level 13 in Spellcasting
 17599 | Lair:2   | Reached XP level 12. HP: 71/71 MP: 17/31
 18137 | Lair:2   | Found a staircase to the Swamp.
 18857 | Lair:2   | Got a polished long sword
 19272 | Lair:2   | Identified the +9 long sword of Linearity {drain, Int+2}
                  | (You found it on level 2 of the Lair of Beasts)
 20686 | Lair:4   | Noticed a four-headed hydra
 20690 | Lair:4   | Killed a four-headed hydra
 20768 | Lair:4   | Found a hole to the Spider Nest.
 20815 | Lair:4   | Reached skill level 14 in Spellcasting
 21539 | Lair:4   | Noticed an eight-headed hydra
 21544 | Lair:4   | Killed an eight-headed hydra
 21908 | Lair:5   | Noticed a six-headed hydra
 21916 | Lair:5   | Killed a six-headed hydra
 21916 | Lair:5   | Reached skill level 5 in Armour
 22512 | Lair:5   | Reached XP level 13. HP: 64/78 MP: 16/33
 22517 | Lair:5   | Reached ***** piety under Vehumet
 22517 | Lair:5   | Offered knowledge of Yara's Violent Unravelling by Vehumet.
 22823 | Lair:5   | Noticed Rupert
 22834 | Lair:5   | Killed Rupert
 23189 | Lair:6   | Entered Level 6 of the Lair of Beasts
 23189 | Lair:6   | Noticed Nessos
 24084 | Lair:6   | Reached skill level 15 in Spellcasting
 24393 | Lair:6   | Killed Nessos
 25625 | Lair:6   | Got a slimy scale mail
 26307 | Lair:6   | Found a staircase to the Slime Pits.
 26308 | Lair:6   | Found a viscous altar of Jiyva.
 26477 | Lair:6   | Reached skill level 16 in Spellcasting
 26969 | Lair:6   | Learned a level 5 spell: Iskenderun's Battlesphere
 26976 | Lair:6   | Learned a level 6 spell: Iron Shot
 26984 | Lair:6   | Learned a level 7 spell: Orb of Destruction
 27247 | D:5      | Bought the ring "Abli" {rElec rF+ Str+5} for 693 gold
                  | pieces
 27672 | D:11     | Reached skill level 1 in Charms
 27672 | D:11     | Reached XP level 14. HP: 79/86 MP: 28/36
 27773 | D:11     | Found a runed translucent door.
 27774 | D:11     | Identified the +4 spear of Stickiness {flame, Int+2}
 27812 | D:11     | Noticed TheNamelessOne's ghost (journeyman VSFi)
 27819 | D:11     | Reached skill level 1 in Earth Magic
 28266 | D:11     | Identified the cursed +1 scale mail of the Blue Skies
                  | {rCorr Slay+3} (You found it on level 6 of the Lair of
                  | Beasts)
 28417 | D:11     | Found the +6 Majin-Bo {vamp, Archmagi MP+6 Int+6}
 29068 | D:12     | Reached skill level 15 in Dodging
 30158 | D:12     | Got a translucent leather armour
 30164 | D:12     | Got a steaming leather armour
 30168 | D:12     | Got a faintly glowing robe
 30184 | D:12     | Identified the cursed +0 robe of Okawaru's Indignation
                  | {+Inv rPois} (You found it on level 12 of the Dungeon)
 30195 | D:12     | Identified the +1 leather armour of Music {rN+} (You found
                  | it on level 12 of the Dungeon)
 30207 | D:12     | Identified the +1 leather armour of Impermeability {+Inv
                  | rC- Str+6} (You found it on level 12 of the Dungeon)
 30769 | D:13     | Offered knowledge of Irradiate by Vehumet.
 32179 | D:14     | Found a gate leading to a gauntlet.
 32211 | Gauntlet | Entered a Gauntlet
 32211 | Gauntlet | Found a transporter.
 32211 | Gauntlet | Found a transporter.
 32321 | Gauntlet | Found a transporter.
 32321 | Gauntlet | Found a transporter.
 32331 | Gauntlet | Found a transporter.
 32341 | Gauntlet | Found a transporter.
 32341 | Gauntlet | Found a transporter.
 32346 | Gauntlet | Found a transporter.
 32379 | Gauntlet | Found a transporter.
 32386 | Gauntlet | Found a transporter.
 32412 | Gauntlet | Found a transporter.
 32424 | Gauntlet | Found a transporter.
 32470 | Gauntlet | Found a transporter.
 32486 | Gauntlet | Found a transporter.
 32586 | Gauntlet | Found a transporter.
 32600 | Gauntlet | Found a transporter.
 32754 | Gauntlet | Got an ancient cloak
 32822 | Gauntlet | Identified the cursed +0 cloak of Fun {rF++} (You found it
                  | in a Gauntlet)
 32848 | Gauntlet | Reached skill level 10 in Fighting
 32848 | Gauntlet | Reached skill level 5 in Charms
 33018 | D:14     | Found a sparkling altar of Nemelex Xobeh.
 34017 | D:14     | Found a gate to the Vaults.
 34086 | D:15     | Entered Level 15 of the Dungeon
 34414 | D:15     | Found a staircase to the Depths.
 34975 | D:15     | Reached XP level 15. HP: 69/92 MP: 18/37
 35130 | D:15     | Offered knowledge of Poison Arrow by Vehumet.
 35130 | D:15     | Reached skill level 5 in Earth Magic
 35999 | Orc:1    | Entered Level 1 of the Orcish Mines
 36078 | Orc:1    | Found a roughly hewn altar of Beogh.
 36166 | Orc:1    | Found Meegriy's Gadget Shop.
 36559 | Orc:2    | Entered Level 2 of the Orcish Mines
 36561 | Orc:2    | Reached skill level 17 in Spellcasting
 37026 | Orc:2    | Noticed Erolcha
 37030 | Orc:2    | Killed Erolcha
 37268 | Orc:2    | Found a staircase to the Elven Halls.
 38097 | Orc:2    | Found Teyhedu's Antique Armour Boutique.
 38313 | Orc:2    | Found Rus Umm's General Store.
 38316 | Orc:2    | Found Caosusmo's Food Emporium.
 38417 | Orc:2    | Bought a scroll of identify for 32 gold pieces
 38446 | Orc:2    | Gained mutation: You are frail. (-10% HP) [a neqoxec]
 38726 | Orc:2    | Offered knowledge of Conjure Ball Lightning by Vehumet.
 39882 | Orc:2    | Found Efeipahe's Book Boutique.
 39882 | Orc:2    | Found a one-way gate leading to the halls of Pandemonium.
 39882 | Orc:2    | Found Biclusch's Antique Armour Shop.
 40553 | Orc:2    | Bought a pair of warped boots for 237 gold pieces
 40563 | Orc:2    | Identified the +2 pair of boots of Wishra {rF+ rC++} (You
                  | bought it in a shop on level 2 of the Orcish Mines)
 40717 | Orc:2    | Bought a crude leather armour for 224 gold pieces
 40727 | Orc:2    | Identified the +2 leather armour of Qoew {MR+ rCorr MP-9
                  | Int+5} (You bought it in a shop on level 2 of the Orcish
                  | Mines)
 40729 | Orc:2    | Bought a Young Poisoner's Handbook for 600 gold pieces
 41510 | Lair:4   | Learned a level 4 spell: Olgreb's Toxic Radiance
 41513 | Lair:4   | Learned a level 2 spell: Blink
 41555 | Lair:4   | Learned a level 5 spell: Fireball
 41556 | Spider:1 | Entered Level 1 of the Spider Nest
 41911 | Spider:1 | Reached skill level 1 in Fire Magic
 42068 | Spider:1 | Noticed Aizul
 42077 | Spider:1 | Slain by Aizul

Levels and vault maps discovered:
D:1:      sevenhm_arrival_forest_fort_small_1, layout_loops_ring,
          dk_noncrumbling_3
D:2:      layout_basic, nicolae_overflow_hidden_temple,
          chequers_ecumenical_altar_simple, first_ration,
          nicolae_ru_sacrificial_ziggurat
D:3:      layout_loops_cross, minitemple, cheibrodos_sewer_entry_sluice
D:4:      layout_basic, nemelex_xobeh_ov_fountains_minmay
D:5:      layout_loops_corners, minmay_temple_entry_overgrown, serial_shops,
          shop_statue, nicolae_shop_stone, nicolae_shop_waterfront,
          gammafunk_ghost_nasty_kobolds, kennysheep_cross_bottleneck,
          kennysheep_generic_room_3
D:6:      cheibrodos_helix_gallery, layout_basic, serial_shops,
          nicolae_shop_temple_entry_statues_fountains, uniq_pikel
D:7:      layout_layer_cave, lemuel_crystal_altar, serial_shops, shop
D:8:      layout_rooms, serial_shops, shop
D:9:      layout_irregular_city, dpeg_lair_monsters, david_orc_2, basic_altar,
          serial_shops, nicolae_shop_statue_plus, uniq_harold
D:10:     layout_rooms
D:11:     layout_small_grid, ebering_ghost_funeral_grove
D:12:     layout_gridville
D:13:     layout_small_grid
D:14:     layout_cave_pools, ximxim_vaults_locker_room, nicolae_benzene_ring,
          gauntlet_entry_generic, basic_altar
D:15:     gammafunk_depths_entry_grave, layout_grid_maze, minmay_misc_feat_doors
Lair:1:   layout_long_grid, grunt_megastairs_3, serial_bayou_shore_a
Lair:2:   layout_layer_cave, nicolae_swamp_entry_splash_gauntlet,
          lemuel_fruit_fields
Lair:3:   layout_loops_ring, beast_lair_carwin_2
Lair:4:   layout_loops_ring, nicolae_spider_entry_non_spiders
Lair:5:   layout_cave_pods, grunt_megastairs_4, lemuel_fruit_fields, uniq_rupert
Lair:6:   hangedman_lair_tendril_chambers, layout_gridlike, slime_altar_1,
          uniq_nessos
Spider:1: layout_spider_delve, uniq_aizul
Orc:1:    layout_caves, serial_shops, shop, basic_altar
Orc:2:    pf_orc_diabolical, layout_caves, serial_shops, shop,
          hangedman_minor_magic, uniq_erolcha

Skill      XL: |  1  2  3  4  5  6  7  8  9 10 11 12 13 14 15 |
---------------+----------------------------------------------+-----
Conjurations   | 5 6 7 8 9 10 12 13 | 13.3
Dodging        | 3 4 6 9 10 12 13 14 15 16 | 16.1
Spellcasting   | 4 5 6 7 9 11 13 14 16 17 | 17.5
Shields        | 3 4 |  4.0
Fighting       | 2 4 6 7 9 10 | 10.7
Poison Magic   | 3 |  3.4
Air Magic      | 3 |  3.1
Armour         | 2 5 |  5.0
Charms         | 1 5 |  5.0
Earth Magic    | 4 6 |  6.8
Fire Magic     | 1 |  1.1
Stealth        | |  2.4
Translocations | |  0.9

Action                   |  1- 3 |  4- 6 |  7- 9 | 10-12 | 13-15 || total
-------------------------+-------+-------+-------+-------+-------++-------
Melee: Staff             |       |     2 |       |       |       ||     2
       Dagger            |       |       |       |    14 |     3 ||    17
Throw: Stone             |       |       |       |     2 |       ||     2
 Cast: Magic Dart        |    65 |   137 |   217 |   221 |   169 ||   809
       Searing Ray       |     1 |     6 |     7 |     5 |       ||    19
       Iskenderun's Myst |       |     1 |    60 |   342 |   659 ||  1062
       Mephitic Cloud    |       |       |       |    35 |    15 ||    50
       Iron Shot         |       |       |       |       |    95 ||    95
       Orb of Destructio |       |       |       |       |     6 ||     6
       Iskenderun's Batt |       |       |       |       |    53 ||    53
       Olgreb's Toxic Ra |       |       |       |       |     6 ||     6
       Blink             |       |       |       |       |     4 ||     4
  Use: Scroll            |       |    11 |     1 |     6 |    12 ||    30
       Potion            |       |       |       |     1 |       ||     1
 Stab: Confused          |       |       |       |     2 |       ||     2
  Eat: Chunk             |     2 |    11 |    13 |    26 |    28 ||    80
       Ration            |       |       |     2 |     3 |    12 ||    17
Armor: Robe              |     1 |     2 |     7 |       |    35 ||    45
       Leather armour    |       |       |     5 |    57 |    54 ||   116
       Acid dragon scale |       |       |       |       |     4 ||     4
Dodge: Dodged            |     4 |    16 |    63 |   239 |   475 ||   797
Block: Buckler           |       |       |    27 |    53 |   151 ||   231
